 Dungeon Crawl Stone Soup version 0.29-a0-82-g837932c90e (webtiles) character file.

Game seed: 5973763366924329210

5250 enile the Tainter (level 10, -14/62 HPs)
             Began as an Octopode Venom Mage on Feb 5, 2022.
             Was a Priest of Hepliaklqana.
             Killed from afar by a gargoyle (20 damage)
             ... with a stone arrow
             ... on level 6 of the Dungeon.
             The game lasted 00:17:59 (7913 turns).

enile the Tainter (Octopode Venom Mage)             Turns: 7913, Time: 00:18:00

Health: -14/62     AC:  1    Str:  8    XL:     10   Next: 62%
Magic:  15/18      EV: 15    Int: 22    God:    Hepliaklqana [***...]
Gold:   278        SH:  0    Dex: 12    Spells: 10/20 levels left

rFire   + . .      SeeInvis .   o - +0 dagger (drain)
rCold   + . .      Faith    .   (no shield)
rNeg    . . .      Spirit   .   (helmet restricted)
rPois   +          Reflect  .   (no amulet)
rElec   +          Harm     .   (no ring)
rCorr   +          Rampage  .   (no ring)
Will    .....                   (no ring)
Stlth   ++++......              (no ring)
HPRegen 0.20/turn               (no ring)
MPRegen 0.16/turn               (no ring)
                                (no ring)
                                (no ring)

@: resistant, hasted, very quick
A: reduced essence, almost no armour, amphibious, 8 rings, camouflage 1,
gelatinous body 1, (nimble swimmer 1), tentacles
a: Renounce Religion, Recall Ancestor, Ancestor Identity, Transference


You were on level 6 of the Dungeon.
You worshipped Hepliaklqana.
Hepliaklqana was most pleased with you.
You visited 1 branch of the dungeon, and saw 6 of its levels.

You collected 278 gold pieces.

Inventory:

Hand Weapons
 f - a +0 dagger
 g - a +0 rapier
 k - a +0 falchion
 o - a +0 dagger of draining (weapon)
 w - a +0 flail of protection
Missiles
 h - 5 curare-tipped darts (quivered)
Jewellery
 u - a ring of fire
Wands
 m - a wand of iceblast (7)
Scrolls
 a - 4 scrolls of teleportation {unknown}
 b - 2 scrolls of magic mapping {unknown}
 c - a scroll of immolation {unknown}
 p - a scroll of acquirement {unknown}
 q - 5 scrolls of identify {unknown}
 s - a scroll of enchant weapon {unknown}
 v - a scroll of vulnerability {unknown}
 x - a scroll of holy word {unknown}
Potions
 e - a potion of mutation {unknown}
 n - a potion of brilliance {unknown}
 r - 4 potions of heal wounds {unknown}


   Skills:
 + Level 6.8 Fighting
 - Level 5.3 Short Blades
 - Level 6.6 Dodging
 - Level 5.0 Stealth
 - Level 5.7 Spellcasting
 - Level 2.0 Conjurations
 - Level 1.0 Transmutations
 - Level 5.0 Air Magic
 - Level 8.0 Poison Magic
 - Level 6.1 Invocations
 - Level 5.0 Evocations


You had 10 spell levels left.
You knew the following spells:

 Your Spells              Type           Power      Damage    Failure   Level
a - Sting                 Tmut/Pois      100%       1d8       1%          1
b - Poisonous Vapours     Pois/Air       68%        N/A       1%          2
c - Mephitic Cloud        Conj/Pois/Air  28%        N/A       3%          3
d - Olgreb's Toxic Radia  Pois           41%        N/A       3%          4

Your spell library contained the following spells:

 Spells                   Type           Power      Damage    Failure   Level
 Magic Dart               Conj           60%        1d6       4%          1
 Freeze                   Ice            24%        1d5       10%         1
 Call Imp                 Summ           6%         N/A       14%         2
 Frozen Ramparts          Ice            12%        1d3       28%         3
 Hailstorm                Conj/Ice       10%        3d5       52%         4


Dungeon Overview and Level Annotations

Branches:
Dungeon (6/15)             Temple (0/1) D:4

Altars:
Hepliaklqana
Uskayaw
Zin


Innate Abilities, Weirdness & Mutations

Your life essence is reduced to manifest your ancestor. (-10% HP)
You cannot wear most types of armour.
You are amphibious.
You can wear up to eight rings at the same time.
Your skin changes colour to match your surroundings (Stealth+).
Your rubbery body absorbs attacks. (AC +1, EV +1)
((You are camouflaged when in or above water. (Stealth+)))
You have tentacles for arms and can constrict up to eight enemies at once.


Message History

The gargoyle is moderately damaged.
You constrict the gargoyle.
The gargoyle hurls a stone arrow at you.
The stone arrow misses you.
You hit the gargoyle but do no damage.
The gargoyle is heavily damaged.
You constrict the gargoyle, but do no damage.
The gargoyle hurls a stone arrow at you.
The stone arrow hits you!
You hit the gargoyle but do no damage.
The gargoyle is heavily damaged.
You constrict the gargoyle.
Okay, then.
As you read the scroll labelled DEISHR NORATOF, it crumbles to dust.
You hear a loud clanging noise!
It was a scroll of noise.
You constrict the gargoyle, but do no damage.
The gargoyle hits you with a +0 flail!
* * * LOW HITPOINT WARNING * * *
Okay, then.
It was a potion of experience.
You feel more experienced!
Your Fighting skill increases to level 6!
Your Short Blades skill gained 2 levels and is now at level 5!
Your Dodging skill increases to level 6!
Your Spellcasting skill increases to level 5!
Your Invocations skill gained 3 levels and is now at level 6!
Your Evocations skill gained 5 levels and is now at level 5!
Training target 4.0 for Invocations reached!
You need to enable at least one skill for training.
You have reached level 10!
You feel clever.
You constrict the gargoyle. The gargoyle barely misses you.
You feel yourself speed up.
You constrict the gargoyle, but do no damage.
The gargoyle barely misses you.
You release your grip on the gargoyle.
The gargoyle hurls a stone arrow at you.
The stone arrow hits you!!
You die...

.#### # ...9######
.##......#
.#######.###
########
..........R#
#......#
######.....#
####.####.# #.....#
#####.##.......#.#
#.....###
#......#.##.#..#.#
#.......# #@#
#.##....#.#
........#.# #.#
#.####....#
#########'###.#
#...<#.####
#....#.###########.#
#....9.............#
#....#.#############
#....#.....#
#....#####.# ######
#.#


You could see a gargoyle.

Vanquished Creatures
  Sigmund (D:3)
  Eustachio (D:6)
  A water moccasin (D:6)
  A black bear (D:5)
  A necrophage (D:6)
  A centaur (D:6)
  A lemure (D:4)
  A scorpion (D:4)
  A gnoll sergeant (D:6)
  2 water moccasin zombies
  2 howler monkeys (D:4)
  A centaur zombie (D:5)
  An orc priest (D:5)
  An iguana (D:5)
  Ijyb (D:3)
  Terence (D:3)
  An orc wizard (D:3)
  11 gnolls
  An adder (D:3)
  An ufetubus (D:5)
  An adder skeleton (D:4)
  3 dart slugs
  12 orcs
  9 ball pythons
  7 endoplasms
  3 giant cockroaches
  12 goblins
  5 hobgoblins
  21 jackals
  3 quokkas
  6 bats
  2 frilled lizards
  4 kobolds
  5 rats
125 creatures vanquished.

Vanquished Creatures (collateral kills)
  Pikel (D:4)
  A sky beast (D:5)
  2 ogres (D:5)
  2 lemures (D:4)
  A kobold brigand (D:4)
  A wyvern zombie (D:6)
  A water moccasin zombie (D:5)
  A scorpion (D:4)
  A hound (D:5)
  A centaur skeleton (D:5)
  An iguana (D:4)
  Robin (D:3)
  2 adders (D:5)
  19 gnolls
  An adder skeleton (D:4)
  A worm (D:3)
  A dart slug (D:5)
  18 orcs
  A bat (D:3)
  4 endoplasms
  4 goblins
  4 hobgoblins (D:3)
  4 jackals
  2 quokkas
  A kobold (D:3)
  A rat (D:3)
77 creatures vanquished.

Vanquished Creatures (others)
  2 battlemagi (D:6)
  A fungus (D:4)
  A plant (D:4)
4 creatures vanquished.

Grand Total: 206 creatures vanquished

Notes
Turn   | Place    | Note
-------+----------+-------------------------------------------
     0 | D:1      | enile the Octopode Venom Mage began the quest for the Orb.
     0 | D:1      | Reached XP level 1. HP: 11/11 MP: 3/3
   160 | D:1      | Reached skill level 1 in Fighting
   171 | D:1      | Reached XP level 2. HP: 12/18 MP: 1/5
   243 | D:1      | Reached skill level 4 in Poison Magic
   747 | D:1      | Found a faded altar of an unknown god.
   950 | D:1      | Prayed at the altar of an unknown god.
   950 | D:1      | Became a worshipper of Hepliaklqana the Forgotten
   950 | D:1      | Reached * piety under Hepliaklqana
   982 | D:1      | Reached XP level 3. HP: 17/21 MP: 2/6
  1215 | D:1      | Learned a level 2 spell: Poisonous Vapours
  1253 | D:2      | Found a hide-covered altar of Uskayaw.
  1494 | D:2      | Reached skill level 1 in Invocations
  2537 | D:3      | Reached ** piety under Hepliaklqana
  2538 | D:3      | Remembered your ancestor Nenetl as a battlemage
  2552 | D:3      | Reached skill level 1 in Air Magic
  2552 | D:3      | Reached XP level 4. HP: 26/26 MP: 0/7
  2756 | D:3      | Noticed Terence
  2766 | D:3      | Killed Terence
  2949 | D:3      | Noticed Sigmund
  2960 | D:3      | Killed Sigmund
  2961 | D:3      | Reached XP level 5. HP: 30/30 MP: 1/8
  2961 | D:3      | Reached XP level 6. HP: 35/35 MP: 1/9
  3123 | D:3      | Learned a level 3 spell: Mephitic Cloud
  3143 | D:3      | Noticed Ijyb
  3151 | D:3      | Killed Ijyb
  3538 | D:3      | Noticed Robin
  3563 | D:3      | Killed Robin
  3789 | D:3      | Found a glowing silver altar of Zin.
  3973 | D:3      | Reached skill level 1 in Short Blades
  4263 | D:4      | Reached XP level 7. HP: 39/41 MP: 0/11
  4405 | D:4      | Found a staircase to the Ecumenical Temple.
  4418 | D:4      | Noticed Pikel
  4440 | D:4      | Killed Pikel
  4441 | D:4      | Reached skill level 5 in Poison Magic
  4441 | D:4      | Reached XP level 8. HP: 32/48 MP: 1/12
  4568 | D:4      | Learned a level 4 spell: Olgreb's Toxic Radiance
  4900 | D:4      | Reached skill level 5 in Air Magic
  5067 | D:4      | Reached skill level 6 in Poison Magic
  5703 | D:4      | Reached skill level 1 in Conjurations
  6137 | D:5      | Entered Level 5 of the Dungeon
  6188 | D:5      | Reached skill level 7 in Poison Magic
  6221 | D:5      | Reached skill level 5 in Stealth
  6221 | D:5      | Reached XP level 9. HP: 52/52 MP: 2/13
  6395 | D:5      | Reached skill level 8 in Poison Magic
  6767 | D:5      | Reached *** piety under Hepliaklqana
  7322 | D:6      | Noticed Eustachio
  7325 | D:6      | Reached skill level 5 in Dodging
  7333 | D:6      | Killed Eustachio
  7357 | D:6      | Noticed a gargoyle
  7705 | D:6      | Reached skill level 5 in Fighting
  7906 | D:6      | Reached skill level 5 in Short Blades
  7906 | D:6      | Reached skill level 5 in Spellcasting
  7906 | D:6      | Reached skill level 5 in Evocations
  7906 | D:6      | Reached XP level 10. HP: 5/62 MP: 15/18
  7913 | D:6      | Killed from afar by a gargoyle

Illustrated notes

Levels and vault maps discovered:
D:1:      heliophobic_arrival_henge, layout_loops_cross,
          ebering_ecumenical_altar_hall, kennysheep_boxes
D:2:      layout_basic, basic_altar
D:3:      layout_loops_corners, overflow_temple_1_default, uniq_sigmund,
          uniq_terence, uniq_robin, uniq_ijyb
D:4:      lemuel_castle_with_subvaults [lemuel_castle_interior_carwin_1],
          layout_cave_pools, minmay_temple_entry_crystal_x,
          minmay_misc_feat_five, hangedman_decor_slide_cut, uniq_pikel
D:5:      layout_cave_pools
D:6:      layout_basic, uniq_eustachio, uniq_grinder, uniq_edmund

Skill      XL: |  1  2  3  4  5  6  7  8  9 |
---------------+----------------------------+-----
Fighting       | 1 2 3 4 6 |  6.8
Poison Magic   | 4 5 7 8 |  8.0
Stealth        | 3 5 |  5.0
Invocations    | 2 3 6 |  6.1
Air Magic      | 1 4 5 |  5.0
Short Blades   | 1 2 3 5 |  5.3
Spellcasting   | 3 5 |  5.7
Dodging        | 3 4 6 |  6.6
Conjurations   | 2 |  2.0
Evocations     | 5 |  5.0
Transmutations | |  1.0

Action                   |  1- 3 |  4- 6 |  7- 9 | 10-12 || total
-------------------------+-------+-------+-------+-------++-------
Melee: Unarmed           |    41 |       |       |       ||    41
       Constrict         |    11 |    14 |    40 |       ||    65
       Tentacles         |    11 |    12 |    48 |       ||    71
       Punch             |     2 |       |     6 |       ||     8
       Rapier            |    13 |    21 |       |       ||    34
       Dagger            |       |    24 |   147 |       ||   171
Throw: Throwing net      |       |       |     3 |       ||     3
 Cast: Sting             |    36 |    19 |    16 |       ||    71
       Poisonous Vapours |    26 |    32 |    56 |       ||   114
       Mephitic Cloud    |       |     1 |    11 |       ||    12
       Olgreb's Toxic Ra |       |       |    14 |       ||    14
Invok: Ancestor Life: Ba |     1 |       |       |       ||     1
       Recall Ancestor   |       |       |     2 |       ||     2
  Use: Potion            |       |       |     2 |     1 ||     3
       Scroll            |       |       |     1 |       ||     1
 Stab: Sleeping          |       |     1 |     1 |       ||     2
       Confused          |       |     1 |     1 |       ||     2
       Distracted        |       |       |     3 |       ||     3
Armor: Skin              |     4 |     1 |     9 |       ||    14
Dodge: Dodged            |    38 |    29 |    95 |     2 ||   164

Table legend: (Time is in decaauts)
 A = Elapsed time spent in this place.
 B = Non-inter-level travel time spent in this place.
 C = Inter-level travel time spent in this place.
 D = Time resting spent in this place.
 E = Time spent auto-exploring this place.
 F = Levels seen in this place.
 G = Mean time per level.
                   A        B        C        D        E       F      G
               +--------+--------+--------+--------+--------+-----+--------+
         Total |   7895 |   7799 |     96 |    195 |   6445 |   6 | 1315.8 |
       Dungeon |   7895 |   7799 |     96 |    195 |   6445 |   6 | 1315.8 |
               +--------+--------+--------+--------+--------+-----+--------+

Top non-repeatable levels by time:
     D:4: 1928 daAuts
     D:3: 1770 daAuts
     D:1: 1228 daAuts
     D:2: 1208 daAuts
     D:5: 898 daAuts
     D:6: 861 daAuts
